 Dungeon Crawl Stone Soup version 0.32-a0-656-g3542139ebd (webtiles) character file.

Game seed: 3240438970045539351

5971 ytrimaz the Destroyer (level 10, -1/103 HPs)
             Began as a Demigod Air Elementalist on Mar 8, 2024.
             Slain by a troll (8 damage)
             ... on level 7 of the Dungeon.
             The game lasted 00:11:12 (9710 turns).

ytrimaz the Destroyer (Demigod Air Elementalist)    Turns: 9710, Time: 00:11:13

Health: -1/103     AC: 25    Str:  9    XL:     10   Next: 30%
Magic:  6/26       EV:  2    Int: 36    God:
Gold:   531        SH:  5    Dex: 14    Spells: 14/26 levels left

rFire   . . .        (no weapon)
rCold   . . .        (no shield)
rNeg    . . .        a - melded +0 robe
rPois   +            (helmet currently unavailable)
rElec   .            q - melded +1 cloak
rCorr   .            (gloves currently unavailable)
SInv    .            (boots currently unavailable)
Will    ++...        b - amulet of the Gloaming {Reflect Int+7 SH+5}
Stlth   ++           (no ring)
HPRegen 0.37/turn    (no ring)
MPRegen 0.20/turn

%: reflection
@: mighty, tree-form, on berserk cooldown, enlightened, very slightly
contaminated, slowed, very slow
A: stationary, stasis, torment immunity, boosted hp, high MP 1, forlorn, divine
attributes
a: no special abilities


You were on level 7 of the Dungeon.
You were a tree.
You visited 2 branches of the dungeon, and saw 8 of its levels.

You collected 531 gold pieces.


Innate Abilities, Weirdness & Mutations

You are a tree.
Your roots penetrate the ground, keeping you stationary.
You cannot be teleported.
You are immune to unholy pain and torment.
Your maximum health is greatly increased.
Your equipment is partially melded.
You have an increased reservoir of magic. (+10% MP)
You shall have no god before yourself.
Your divine heritage dramatically boosts your attributes as you level up.


   Skills:
 - Level 1.7 Dodging
 - Level 1.7 Stealth
 + Level 8.5 Spellcasting
 + Level 9.1 Conjurations
 - Level 6.0 Air Magic
 + Level 4.5 Alchemy


You had 14 spell levels left.
You knew the following spells:

 Your Spells              Type           Power      Damage    Failure   Level
a - Shock                 Conj/Air       100%       1d9       1%          1
b - Static Discharge      Conj/Air       100%       3-8/arc   1%          2
c - Airstrike             Air            27%        2d(4-20)  2%          4
d - Irradiate             Conj/Alch      29%        3d21      4%          5

Your spell library contained the following spells:

 Spells                   Type           Power      Damage    Failure   Level
 Swiftness                Air            55%        N/A       1%          3
 Ensorcelled Hibernation  Hex/Ice        30%        N/A       4%          2
 Scorch                   Fire           30%        2d6       4%          2
 Flame Wave               Conj/Fire      48%        2d12      4%          4
 Call Canine Familiar     Summ           15%        N/A       9%          3
 Fugue of the Fallen      Necr           15%        N/A       9%          3
 Inner Flame              Hex/Fire       15%        N/A       9%          3
 Sigil of Binding         Hex            15%        N/A       9%          3
 Anguish                  Hex/Necr       7%         N/A       26%         4
 Dimensional Bullseye     Hex/Tloc       7%         N/A       26%         4
 Eringya's Noxious Bog    Alch           24%        4d6       54%         6
 Summon Forest            Summ/Tloc      7%         N/A       58%         5
 Summon Cactus Giant      Summ           7%         N/A       99%         6
 Summon Hydra             Summ           7%         N/A       100%        7
 Ignition                 Fire           7%         3d5       100%        8

Inventory:

Armour
 a - a +0 robe (melded)
 q - a +1 cloak (melded)
   (You found it on level 4 of the Dungeon)
Jewellery
 b - the amulet of the Gloaming (around neck) {Reflect Int+7 SH+5}
   (You found it on level 3 of the Dungeon)

   [amulet of reflection]

   Reflect:   It reflects blocked missile attacks.
   Int+7:     It affects your intelligence (+7).
   SH+5:      It affects your SH (+5).
Wands
 c - a wand of iceblast (4)
   (You took it off a gnoll sergeant on level 7 of the Dungeon)
 t - a wand of flame (21)
   (You found it on level 5 of the Dungeon)
Scrolls
 g - 3 scrolls of enchant armour
 h - 2 scrolls of summoning
 j - 5 scrolls of teleportation
 p - a scroll of immolation
 r - 2 scrolls of torment
 s - a scroll of vulnerability
 u - a scroll of revelation
 v - a scroll of poison
Potions
 d - 2 potions of brilliance
 e - 3 potions of haste
 k - 9 potions of curing
 w - a potion of cancellation

Dungeon Overview and Level Annotations

Branches:
Dungeon (7/15) Zot: 25062  Temple (1/1) D:5 Zot: 5998

Shops:
D:6

( .. . ###. ..# #.#
#.#####.##### #.TY~[.B....#
#..####T###.# #...
#♣###.###.# #.# #.........#
#.# #.###.####### ####
#.#####.####.# ♣.♣ ♣♣.♣♣♣...
...o.........#♣♣.♣♣#♣.~.♣.~~~
......o.....##..♣..#.~~~.#~~~
#.# . #♣♣.♣♣#♣.~.♣.~~~ #o# ##
♣.♣ ♣♣.♣♣♣... #.# #♣.♣ ###
##.#


You could see a troll and a bombardier beetle.


Message History

Unknown command.
The troll shouts!
A bombardier beetle comes into view.
Items here: ! )) [. 😱 HP[+1]
An ice beast comes into view.
Things that are here:
27 gold pieces; a +0 halberd; a +0 plate armour
Okay, then.
You turn into a tree.
Your +1 cloak melds into your body.
Your +0 robe melds into your body.
Your roots penetrate the ground. 😱 HP[+6] MP[+1]
You now have 103 max hp (+34).
You regained 6 hp, and now have 17/103 hp.
It was a potion of berserk rage.
A red film seems to cover your vision as you go berserk!
You feel yourself moving faster!
You feel mighty!
You block the ice beast's attack. 😱 HP[+9]
You now have 154 max hp (+51).
You regained 9 hp, and now have 26/154 hp.
You closely miss the ice beast.
You smack the ice beast!
You block the ice beast's attack. 😱 HP[+1]
You hit the ice beast.
The bombardier beetle bites your sky beast.
You block the ice beast's attack.
You hit the ice beast.
You smack the ice beast!
You kill the ice beast!
The troll bites your sky beast!
The troll closely misses your sky beast.
The troll barely misses your sky beast.
Your sky beast barely misses the troll.
The bombardier beetle bites your sky beast but does no damage. 😱 MP[+1]
You cannot move.
You cannot move.
The troll bites your sky beast. The troll claws your sky beast!
The troll claws your sky beast but does no damage.
Your sky beast hits the troll.
Your sky beast shocks the troll.
Your sky beast closely misses the bombardier beetle. 😱 HP[+1]
You feel a strong urge to attack something.
The troll bites your sky beast!
Your sky beast dies!
Your sky beast's corpse dissolves into shadows!
The bombardier beetle bites your sky beast.
Your sky beast dies!
Your sky beast's corpse dissolves into shadows!
You feel your anger nearly subside.
You are no longer berserk.
You are exhausted.
You feel yourself slow down. 😱 HP[-9]
You now have 103 max hp (-51).
Unknown command.
Unknown command.
Unknown command.
You smack the troll!
The troll bites you.
* * * LOW HITPOINT WARNING * * *
The troll claws you.
* * * LOW HITPOINT WARNING * * *
The troll claws you.
* * * LOW HITPOINT WARNING * * *
😱 HP[-5]
You take 5 damage, and now have 14/103 hp.
Unknown command.
It was a potion of might.
You feel very mighty all of a sudden. You block the troll's attack.
The troll claws you!
* * * LOW HITPOINT WARNING * * *
The troll claws you but does no damage. The troll bites you.
* * * LOW HITPOINT WARNING * * *
The troll claws you but does no damage. x2 😱 HP[-10] MP[+1]
You take 10 damage, and now have 4/103 hp.
Okay, then.
Okay, then.
It was a potion of heal wounds.
You feel much better. You block the troll's attack. The troll claws you.
* * * LOW HITPOINT WARNING * * *
The troll claws you but does no damage. 😱 HP[+20]
You regained 20 hp, and now have 24/103 hp.
It was a potion of enlightenment.
Your roots keep you in place.
You block the troll's attack. The troll claws you!
* * * LOW HITPOINT WARNING * * *
The troll claws you but does no damage. The troll bites you but does no damage.
The troll claws you.
* * * LOW HITPOINT WARNING * * *
The troll claws you but does no damage. 😱 HP[-11]
You take 11 damage, and now have 13/103 hp.
You barely miss the troll. The troll bites you!
* * * LOW HITPOINT WARNING * * *
The troll claws you but does no damage. x2 😱 HP[-6] MP[+1]
You take 6 damage, and now have 7/103 hp.
Unknown command.
You smack the troll!
The troll bites you!
You die...

Skill      XL: |  1  2  3  4  5  6  7  8  9 10 |
---------------+-------------------------------+-----
Conjurations   | 1 2 3 4 5 7 8 9 |  9.1
Spellcasting   | 2 3 4 5 6 8 |  8.5
Air Magic      | 3 4 5 6 |  6.0
Alchemy        | 3 4 |  4.5
Dodging        | |  1.7
Stealth        | |  1.7

Action                     |  1- 3 |  4- 6 |  7- 9 | 10-12 || total
---------------------------+-------+-------+-------+-------++-------
  Melee: Unarmed           |    20 |     5 |     9 |    18 ||    52
         Punch             |       |     1 |     1 |       ||     2
   Cast: Shock             |    87 |   103 |   164 |    34 ||   388
         Static Discharge  |     1 |     4 |    42 |    10 ||    57
         Airstrike         |       |       |    16 |       ||    16
         Irradiate         |       |       |    11 |     5 ||    16
    Use: Scroll            |     6 |     1 |       |    10 ||    17
         Potion            |     1 |       |     1 |     6 ||     8
 Armour: Robe              |    27 |    18 |   127 |    50 ||   222
         Skin              |       |       |       |    19 ||    19
  Dodge: Dodged            |    24 |    17 |    43 |    45 ||   129
  Block: Other             |       |     6 |    16 |    13 ||    35
         Reflection        |       |       |     2 |       ||     2

Levels and vault maps discovered:
D:1:      onia_arrival_zoo_common, layout_basic
D:2:      layout_rooms, basic_altar, kennysheep_generic_room_7
D:3:      layout_basic
D:4:      layout_loops_ring, grunt_temple_overflow_open
D:5:      layout_basic, nicolae_hepliaklqana_hippocampus,
          minmay_temple_entry_stoned_glass
D:6:      layout_layer_cave, serial_shops, nicolae_shop_window_shopping,
          grunt_ministairs_11, minmay_ruined_shrine
D:7:      nzn_winding_woodlands_large [nzn_winding_woodlands_5x5_checkerboard,
          nzn_winding_woodlands_5x15_pathside_ponds,
          nzn_winding_woodlands_5x5_cross,
          nzn_winding_woodlands_center_pierced_h,
          nzn_winding_woodlands_15x15_killbox,
          nzn_winding_woodlands_center_triple_pond,
          nzn_winding_woodlands_5x5_open_star,
          nzn_winding_woodlands_5x15_crooked, nzn_winding_woodlands_hourglass],
          layout_loops_ring
Temple:   eino_temple_lava

Notes
Turn   | Place    | Note
-------+----------+-------------------------------------------
     0 | D:1      | ytrimaz the Demigod Air Elementalist began the quest for
                  | the Orb.
     0 | D:1      | Reached XP level 1. HP: 14/14 MP: 5/5
     0 | D:1      | magus.rc [v1.9.6]
     6 | D:1      | Noticed a servant of whispers
     6 | D:1      | Noticed a tyrant leech
     6 | D:1      | Noticed a komodo dragon
     7 | D:1      | Noticed a yaktaur
    50 | D:1      | Reached skill level 1 in Conjurations
   374 | D:1      | Reached skill level 2 in Spellcasting
   483 | D:1      | Reached XP level 2. HP: 16/20 MP: 0/7
  1121 | D:1      | Reached skill level 3 in Air Magic
  1847 | D:2      | Reached XP level 3. HP: 25/26 MP: 3/9
  1984 | D:2      | Reached skill level 2 in Conjurations
  2262 | D:3      | Learned a level 2 spell: Static Discharge
  2305 | D:3      | HP: 5/26 [something/magic dart (5)]
  2308 | D:3      | Reached XP level 4. HP: 6/33 MP: 6/10
  2678 | D:3      | Identified the amulet of the Gloaming {Reflect Int+7 SH+5}
  3283 | D:4      | Reached skill level 3 in Spellcasting
  3399 | D:4      | Reached XP level 5. HP: 33/38 MP: 6/12
  3449 | D:4      | You add the spells Summon Forest, Eringya's Noxious Bog and
                  | Summon Hydra to your library.
  3494 | D:4      | You pick up a book of the Hunter and begin reading...
  3494 | D:4      | You add the spells Sigil of Binding, Call Canine Familiar
                  | and Dimensional Bullseye to your library.
  3538 | D:4      | Reached skill level 3 in Conjurations
  3538 | D:4      | Reached skill level 4 in Air Magic
  3819 | D:4      | Reached XP level 6. HP: 45/45 MP: 9/14
  4240 | D:5      | Entered Level 5 of the Dungeon
  4391 | D:5      | Learned a level 4 spell: Airstrike
  4420 | D:5      | You pick up a book of Dreams and begin reading...
  4420 | D:5      | You add the spells Ensorcelled Hibernation, Fugue of the
                  | Fallen and Anguish to your library.
  4733 | D:5      | HP: 10/45 [/static electricity (2)]
  4735 | D:5      | Reached skill level 4 in Spellcasting
  4891 | D:5      | Reached skill level 4 in Conjurations
  4943 | D:5      | Found a staircase to the Ecumenical Temple.
  4966 | Temple   | Entered the Ecumenical Temple
  4986 | D:5      | Reached XP level 7. HP: 50/50 MP: 10/16
  5073 | D:5      | Reached skill level 5 in Air Magic
  5674 | D:5      | You pick up a book of Spontaneous Combustion and begin
                  | reading...
  5674 | D:5      | You add the spells Inner Flame, Irradiate and Ignition to
                  | your library.
  5951 | D:6      | Reached skill level 5 in Conjurations
  6073 | D:6      | Reached skill level 5 in Spellcasting
  6073 | D:6      | Reached XP level 8. HP: 27/57 MP: 12/19
  6464 | D:6      | Reached skill level 6 in Air Magic
  6469 | D:6      | Reached skill level 6 in Conjurations
  6553 | D:6      | Reached skill level 6 in Spellcasting
  6653 | D:6      | Found Xiache's Weapon Emporium.
  7911 | D:6      | Reached skill level 7 in Conjurations
  8097 | D:7      | Reached XP level 9. HP: 44/62 MP: 3/22
  8391 | D:7      | Reached skill level 7 in Spellcasting
  8394 | D:7      | Noticed a six-headed hydra
  8575 | D:7      | Learned a level 5 spell: Irradiate
  8631 | D:7      | Killed a six-headed hydra
  8632 | D:7      | Reached skill level 8 in Conjurations
  8632 | D:7      | Reached skill level 2 in Alchemy
  8884 | D:7      | Reached skill level 3 in Alchemy
  8893 | D:7      | HP: 14/62 [poisoned by a scorpion]
  8898 | D:7      | HP: 9/62 [poisoned by a scorpion]
  9098 | D:7      | HP: 13/62 [slime creature (15)]
  9100 | D:7      | Reached skill level 8 in Spellcasting
  9139 | D:7      | Noticed a deep elf pyromancer
  9141 | D:7      | Killed a deep elf pyromancer
  9142 | D:7      | Reached XP level 10. HP: 24/69 MP: 0/26
  9263 | D:7      | Reached skill level 4 in Alchemy
  9537 | D:7      | You pick up a book of Scorching and begin reading...
  9537 | D:7      | You add the spells Scorch, Flame Wave and Summon Cactus
                  | Giant to your library.
  9659 | D:7      | Reached skill level 9 in Conjurations
  9682 | D:7      | HP: 17/69 [troll (3)]
  9689 | D:7      | HP: 12/69 [orc wizard/magic dart (8)]
  9705 | D:7      | HP: 19/103 [troll (1)]
  9706 | D:7      | HP: 7/103 [troll (7)]
  9710 | D:7      | Slain by a troll

Vanquished Creatures
  A hydra (D:7)
  A deep elf pyromancer (D:7)
  A slime creature (D:7)
  A wyvern (D:7)
  A basilisk (D:7)
  A vampire mosquito (D:7)
  A water moccasin (D:6)
  7 ice beasts
  4 orc warriors (D:7)
  4 black bears
  2 ogres
  2 centaurs
  5 phantoms
  A kobold brigand (D:6)
  5 bullfrogs
  A gnoll sergeant (D:7)
  3 scorpions
  A wight (D:7)
  5 howler monkeys
  A bombardier beetle (D:4)
  4 hounds
  3 gnoll boudas
  4 jellies
  3 orc priests
  6 iguanas
  2 sleepcaps
  3 orc wizards
  10 adders
  9 gnolls
  2 shadow imps
  2 white imps (D:6)
  3 ufetubi
  3 dart slugs
  2 ribbon worms
  10 orcs
  5 bats
  2 endoplasms
  2 giant cockroaches (D:4)
  8 hobgoblins
  12 kobolds
  A quokka (D:4)
  5 ball pythons
  A frilled lizard (D:3)
  6 goblins
  3 rats
159 creatures vanquished.

Vanquished Creatures (collateral kills)
  A troll (D:7)
  An orc wizard (D:7)
  An orc (D:7)
3 creatures vanquished.

Vanquished Creatures (others)
  A kobold brigand (D:6)
1 creature vanquished.

Grand Total: 163 creatures vanquished

Table legend:
 A = Non-vault XP
 B = Vault XP
 C = Vault XP percentage of total XP
 D = Non-vault monster count
 E = Vault monster count
 F = Vault count percentage of total count
                 A         B        C        D         E       F
            +---------+---------+-------+---------+---------+-------
      Total |    3299 |    5231 |  61.3 |     118 |      45 |  27.6
            +---------+---------+-------+---------+---------+-------
        D:1 |      25 |       0 |   0.0 |      15 |       0 |   0.0
        D:2 |      53 |       1 |   1.9 |      16 |       1 |   5.9
        D:3 |     122 |       0 |   0.0 |      15 |       0 |   0.0
        D:4 |     319 |       0 |   0.0 |      15 |       0 |   0.0
        D:5 |     692 |       0 |   0.0 |      16 |       0 |   0.0
        D:6 |    1493 |     403 |  21.3 |      31 |      10 |  24.4
        D:7 |     595 |    4827 |  89.0 |      10 |      34 |  77.3
            +---------+---------+-------+---------+---------+-------

Skill      XL: |  1  2  3  4  5  6  7  8  9 10 |
---------------+-------------------------------+-----
Conjurations   | 1 2 3 4 5 7 8 9 |  9.1
Spellcasting   | 2 3 4 5 6 8 |  8.5
Air Magic      | 3 4 5 6 |  6.0
Alchemy        | 3 4 |  4.5
Dodging        | |  1.7
Stealth        | |  1.7

Action                     |  1- 3 |  4- 6 |  7- 9 | 10-12 || total
---------------------------+-------+-------+-------+-------++-------
  Melee: Unarmed           |    20 |     5 |     9 |    18 ||    52
         Punch             |       |     1 |     1 |       ||     2
   Cast: Shock             |    87 |   103 |   164 |    34 ||   388
         Static Discharge  |     1 |     4 |    42 |    10 ||    57
         Airstrike         |       |       |    16 |       ||    16
         Irradiate         |       |       |    11 |     5 ||    16
    Use: Scroll            |     6 |     1 |       |    10 ||    17
         Potion            |     1 |       |     1 |     6 ||     8
 Armour: Robe              |    27 |    18 |   127 |    50 ||   222
         Skin              |       |       |       |    19 ||    19
  Dodge: Dodged            |    24 |    17 |    43 |    45 ||   129
  Block: Other             |       |     6 |    16 |    13 ||    35
         Reflection        |       |       |     2 |       ||     2

Illustrated notes

Table legend:
 A = Kills in this place as a percentage of kills in the entire game.
 B = Kills by you in this place as a percentage of kills by you in the entire game.
 C = Kills by friends in this place as a percentage of kills by friends in the entire game.
 D = Other kills in this place as a percentage of other kills in the entire game.
 E = Experience gained in this place as a percentage of experience gained in the entire game.
 F = Experience gained in this place divided by the number of levels of this place that you have seen.
                   A       B       C       D       E      F
               +-------+-------+-------+-------+-------+----------------------
         Total | 100.0 | 100.0 | 100.0 | 100.0 | 100.0 | 1066.2
       Dungeon | 100.0 | 100.0 | 100.0 | 100.0 | 100.0 | 1218.6
               +-------+-------+-------+-------+-------+----------------------

Table legend: (Time is in decaauts)
 A = Elapsed time spent in this place.
 B = Non-inter-level travel time spent in this place.
 C = Inter-level travel time spent in this place.
 D = Time resting spent in this place.
 E = Time spent auto-exploring this place.
 F = Levels seen in this place.
 G = Mean time per level.
                   A        B        C        D        E       F      G
               +--------+--------+--------+--------+--------+-----+--------+
         Total |   9725 |   9384 |    341 |    437 |   7976 |   8 | 1215.6 |
       Dungeon |   9723 |   9382 |    341 |    437 |   7976 |   7 | 1389.0 |
        Temple |      1 |      1 |      0 |      0 |      0 |   1 |    1.0 |
               +--------+--------+--------+--------+--------+-----+--------+

Top non-repeatable levels by time:
     D:6: 2271 daAuts
     D:5: 1678 daAuts
     D:7: 1534 daAuts
     D:1: 1277 daAuts
     D:3: 1035 daAuts
     D:4: 968 daAuts
     D:2: 957 daAuts
  Temple: 1 daAuts
